 Dungeon Crawl Stone Soup version 0.31.0-9-g3a7656b989 (webtiles) character file.

Game seed: 11701931209493368317

136 qw the Ducker (level 4, -4/21 (22) HPs)
             Began as a Spriggan Hunter on Feb 2, 2024.
             Slain by a gnoll
             ... wielding a +1 flail of draining
              (7 damage)
             ... on level 4 of the Dungeon.
             The game lasted 00:00:10 (2426 turns).

qw the Ducker (Spriggan Hunter)                     Turns: 2426, Time: 00:00:10

HP:   -4/21 (22)    AC:  2    Str:  7    XL:     4   Next: 98%
MP:   14/14         EV: 21    Int: 10    God:
Gold: 90            SH:  0    Dex: 23    Spells: 3/3 levels left

rFire   . . .        a - +1 shortbow
rCold   . . .        (shield currently unavailable)
rNeg    + . .        c - +0 robe
rPois   .            (helmet restricted)
rElec   +            (no cloak)
rCorr   .            (gloves unavailable)
SInv    +            (boots unavailable)
Will    .....        (no amulet)
Stlth   +            e - ring of positive energy
HPRegen 0.23/turn    f - ring of Xom's Passing Interest {rElec MP+9 Dex+3 Stlth-}
MPRegen 0.14/turn

%: no passive effects
@: about to teleport, lightly drained, very quick
A: very small, no large weapons, unfitting armour, see invisible, speed 3
a: no special abilities


You were on level 4 of the Dungeon.
You visited 1 branch of the dungeon, and saw 4 of its levels.

You collected 120 gold pieces.
You spent 30 gold pieces at shops.


Innate Abilities, Weirdness & Mutations

You are very small and have problems with some larger weapons.
You are too small for most types of armour.
You have supernaturally acute eyesight. (SInv)
You cover ground extremely quickly. (Speed+++)


   Skills:
 + Level 1.6 Fighting
 - Level 5.0 Ranged Weapons
 - Level 5.6 Dodging
 - Level 1.5 Stealth


You had 3 spell levels left.
You didn't know any spells.
Your spell library was empty.

Inventory:

Hand Weapons
 a - a +1 shortbow (weapon)
Armour
 c - a +0 robe (worn)
Jewellery
 e - a ring of positive energy (left hand)
 f - the ring of Xom's Passing Interest (right hand) {rElec MP+9 Dex+3 Stlth-}
   (You acquired it on level 1 of the Dungeon)

   [ring of magical power]

   Dex+3:     It affects your dexterity (+3).
   rElec:     It insulates you from electricity.
   MP+9:      It affects your magic capacity (+9).
   Stlth-:    It makes you less stealthy.
Potions
 b - a potion of curing {unknown}
 d - 2 potions of enlightenment
 h - 2 potions of heal wounds
 i - a potion of invisibility {unknown}

Dungeon Overview and Level Annotations

Branches:
Dungeon (4/15)
 Temple: D:4-7

Altars:
Elyvilon

Shops:
D:2 *


Message History

You shoot an arrow. The arrow hits the quokka!
You kill the quokka!
The gnoll throws a stone.
The stone completely misses you. The gnoll barely misses you.
You shoot an arrow. The arrow barely misses the gnoll.
The gnoll closely misses you. The gnoll barely misses you.
The gnoll misses you.
You shoot an arrow. The arrow hits the gnoll.
The gnoll is severely wounded.
The gnoll closely misses you. The gnoll completely misses you.
The gnoll hits you from afar with a +0 spear.
The gnoll closely misses you.
You shoot an arrow. The arrow hits the giant cockroach!
You kill the giant cockroach!
The gnoll completely misses you. The gnoll misses you.
You shoot an arrow. The arrow closely misses the gnoll.
The arrow hits the gnoll!
The gnoll is severely wounded.
The gnoll completely misses you. x4
You shoot an arrow. The arrow hits the gnoll.
The gnoll is lightly wounded.
The gnoll hits you from afar with a +0 spear.
The gnoll misses you.
The gnoll hits you from afar with a +0 spear!
The gnoll throws a stone.
The stone hits you.
You shoot an arrow. The arrow hits the gnoll!
The gnoll is almost dead.
The gnoll completely misses you.
The gnoll hits you from afar with a +0 spear.
The gnoll throws a stone.
The stone barely misses you. The gnoll misses you.
You shoot an arrow. The arrow barely misses the gnoll.
The arrow completely misses the gnoll.
The gnoll hits you with a +1 flail of draining.
You partially resist.
You feel drained. The gnoll barely misses you.
The gnoll hits you from afar with a +0 spear.
The gnoll misses you.
2426 ||| READING scroll of teleportation.
As you read the scroll of teleportation, it crumbles to dust.
You feel strangely unstable.
The gnoll hits you with a +1 flail of draining!
You die...

#>#........#
$.............#
.....?........#########
.......#####...%......#
....... #....[.....#
....... #..........#
.....g. #..........#
.....g.#####..........#
.?...gg@...'..........#
.......#####..........#
....... #..........#
####..# #..........#
#.. #..........#
#..########%######## #.
#............# #.
#.######.###.# #.#
#.....#


You could see 4 gnolls.

Vanquished Creatures
  A bombardier beetle (D:3)
  3 adders
  A dart slug (D:1)
  2 ribbon worms
  5 orcs
  4 ball pythons
  6 endoplasms
  2 giant cockroaches
  7 goblins
  7 hobgoblins
  4 quokkas
  2 bats
  3 frilled lizards
  6 kobolds
  4 rats
57 creatures vanquished.

Notes
Turn   | Place    | Note
-------+----------+-------------------------------------------
     0 | D:1      | qw the Spriggan Hunter began the quest for the Orb.
     0 | D:1      | Reached XP level 1. HP: 10/10 MP: 2/2
     0 | D:1      | 0 ||| qw: Version: 0.3-a-155-g5e7d8dd
     0 | D:1      | 0 ||| qw: Game counter: 1998
     0 | D:1      | 0 ||| qw: Melee chars always use a shield: true
     0 | D:1      | 0 ||| qw: God list: Okawaru
     0 | D:1      | 0 ||| qw: Allow faded altars: false
     0 | D:1      | 0 ||| qw: Do Orc after clearing Dungeon:15 true
     0 | D:1      | 0 ||| qw: Do second Lair branch before Depths: true
     0 | D:1      | 0 ||| qw: Lair rune preference: random
     0 | D:1      | 0 ||| qw: Goals: Normal
     0 | D:1      | 0 ||| PLANNING D:1-11
    28 | D:1      | Reached skill level 3 in Dodging
   136 | D:1      | Reached XP level 2. HP: 14/14 MP: 3/3
   554 | D:1      | 554 ||| UPGRADING to ring of positive energy.
   555 | D:1      | 555 ||| READING scroll labelled IJISUS ZECHOTZ.
   556 | D:1      | 556 ||| READING scroll labelled GAXAJA WUHUSAMITZ.
   576 | D:1      | 576 ||| READING scroll labelled PUL DIWNIO.
   577 | D:1      | 577 ||| READING scroll labelled TIMABRU TUQIST.
   577 | D:1      | Identified a scroll of acquirement
   577 | D:1      | 577 ||| ACQUIRING ring of Xom's Passing Interest {rElec
                  | MP+9 Dex+3 Stlth-}
   577 | D:1      | Acquired the ring of Xom's Passing Interest {rElec MP+9
                  | Dex+3 Stlth-}
   579 | D:1      | 579 ||| UPGRADING to ring of Xom's Passing Interest {rElec
                  | MP+9 Dex+3 Stlth-}.
   649 | D:1      | 649 ||| DROPPING scroll of butterflies.
   707 | D:2      | Found Hoghokk's General Store.
   712 | D:2      | 712 ||| BUYING scroll of teleportation (30 gold).
   712 | D:2      | Bought a scroll of teleportation for 30 gold pieces
   712 | D:2      | 712 ||| SHOPLISTING scroll of teleportation (30 gold, have
                  | 0).
   835 | D:2      | Reached XP level 3. HP: 18/18 MP: 4/4
  1254 | D:2      | 1254 ||| READING scroll labelled OJOXTE KUCO.
  1255 | D:2      | 1255 ||| READING scroll labelled DUTHOR COZUAP.
  1255 | D:2      | 1255 ||| ENCHANTING +0 shortbow.
  1256 | D:2      | 1256 ||| READING scroll labelled CAOM YSERAA.
  1257 | D:2      | 1257 ||| READING 2 scrolls labelled CAGROSS OGAQIX.
  1257 | D:2      | 1257 ||| IDENTIFYING smoky purple potion
  1258 | D:2      | 1258 ||| READING scroll of identify.
  1258 | D:2      | 1258 ||| IDENTIFYING 2 fuming ruby potions
  1259 | D:2      | 1259 ||| DRINKING 2 fizzy white potions.
  1307 | D:2      | 1307 ||| DROPPING potion of lignification.
  1392 | D:3      | Reached XP level 4. HP: 13/22 MP: 5/5
  1392 | D:3      | 1392 ||| FLEEEEING.
  1393 | D:3      | 1393 ||| FLEEEEING.
  1394 | D:3      | 1394 ||| FLEEEEING.
  1395 | D:3      | 1395 ||| FLEEEEING.
  1396 | D:3      | 1396 ||| FLEEEEING.
  1397 | D:3      | 1397 ||| FLEEEEING.
  1398 | D:3      | 1398 ||| FLEEEEING.
  1399 | D:3      | 1399 ||| FLEEEEING.
  1401 | D:3      | 1401 ||| FLEEEEING.
  1402 | D:3      | 1402 ||| FLEEEEING.
  1409 | D:3      | 1409 ||| FLEEEEING.
  1410 | D:3      | 1410 ||| FLEEEEING.
  1411 | D:3      | 1411 ||| FLEEEEING.
  1413 | D:3      | 1413 ||| FLEEEEING.
  1414 | D:3      | 1414 ||| FLEEEEING.
  1416 | D:3      | 1416 ||| FLEEEEING.
  1417 | D:3      | 1417 ||| FLEEEEING.
  1418 | D:3      | 1418 ||| FLEEEEING.
  1419 | D:3      | 1419 ||| STAIRDANCE
  1529 | D:3      | Found a faded altar of an unknown god.
  1722 | D:3      | Found a white marble altar of Elyvilon.
  2085 | D:3      | 2085 ||| READING scroll labelled SEIBBY YR MAE.
  2085 | D:3      | 2085 ||| ENCHANTING +1 shortbow.
  2425 | D:4      | HP: 4/22 [gnoll/+1 flail of draining (3)]
  2426 | D:4      | 2426 ||| READING scroll of teleportation.
  2426 | D:4      | Slain by a gnoll

Levels and vault maps discovered:
D:1:      amcnicky_arrival_underground_garden, layout_basic,
          hangedman_abyss_or_decor_stabs, minmay_misc_feat_hallway
D:2:      layout_loops_ring, serial_shops, nicolae_shop_stone
D:3:      layout_loops_ring, lemuel_tele_altar, ebering_ecumenical_altar_hall
D:4:      layout_basic

Skill      XL: |  1  2  3  4 |
---------------+-------------+-----
Dodging        | 3 4 5 |  5.6
Ranged Weapons | 5 |  5.0
Fighting       | |  1.6
Stealth        | |  1.5

Action                     |  1- 3 |  4- 6 || total
---------------------------+-------+-------++-------
   Fire: Shortbow          |   107 |    62 ||   169
    Use: Scroll            |     9 |     2 ||    11
         Potion            |     1 |       ||     1
 Armour: Robe              |    11 |    11 ||    22
  Dodge: Dodged            |    23 |    34 ||    57

Table legend:
 A = Non-vault XP
 B = Vault XP
 C = Vault XP percentage of total XP
 D = Non-vault monster count
 E = Vault monster count
 F = Vault count percentage of total count
                 A         B        C        D         E       F
            +---------+---------+-------+---------+---------+-------
      Total |     195 |       0 |   0.0 |      57 |       0 |   0.0
            +---------+---------+-------+---------+---------+-------
        D:1 |      34 |       0 |   0.0 |      19 |       0 |   0.0
        D:2 |      38 |       0 |   0.0 |      15 |       0 |   0.0
        D:3 |      90 |       0 |   0.0 |      13 |       0 |   0.0
        D:4 |      33 |       0 |   0.0 |      10 |       0 |   0.0
            +---------+---------+-------+---------+---------+-------
